 Dungeon Crawl Stone Soup version 0.28-a0-1594-ga885d4b3d6 (webtiles) character file.

Game seed: 13606363071146072799

446 porpoise the Magician (level 7, 0/52 HPs)
             Began as a Djinni Conjurer on Jan 21, 2022.
             Slain by an ogre (16 damage)
             ... on level 4 of the Dungeon.
             The game lasted 00:09:31 (4197 turns).

porpoise the Magician (Djinni Conjurer)             Turns: 4197, Time: 00:09:32

Health: 0/52       AC:  2    Str:  8    XL:     7   Next: 24%
Gold:   87         EV: 12    Int: 20    God:
                   SH:  0    Dex: 11

rFire   + + .      SeeInvis +   (no weapon)
rCold   x . .      Faith    .   (no shield)
rNeg    . . .      Spirit   .   a - +0 robe
rPois   ∞          Reflect  .   (no helmet)
rElec   .          Harm     .   (no cloak)
rCorr   .          Rampage  .   (no gloves)
Will    .....                   (boots unavailable)
Stlth   ++........              (no amulet)
HPRegen 0.17/turn               h - ring of see invisible
MPRegen 0.00/turn               (no ring)

@: flying
A: sickness immunity, fire resistance 2, cold vulnerability 1, float, innate
caster, hp casting, extra vitality 1
a: no special abilities


You were on level 4 of the Dungeon.
You visited 1 branch of the dungeon, and saw 4 of its levels.

You collected 87 gold pieces.

Inventory:

Missiles
 b - 10 stones
 f - 3 boomerangs
 g - 4 javelins
 k - 12 arrows
 l - 2 datura-tipped darts
 p - 2 throwing nets
Armour
 a - a +0 robe (worn)
Jewellery
 h - a ring of see invisible (left hand)
 o - a ring of fire
Scrolls
 e - 2 scrolls of identify {unknown}
 j - a scroll of blinking {unknown}
 m - a scroll of enchant weapon {unknown}
 n - a scroll of fear {unknown}
 q - a scroll of enchant armour {unknown}
 r - a scroll of fog {unknown}
Potions
 c - a potion of heal wounds
 d - a potion of lignification {unknown}
 i - a potion of haste {unknown}


   Skills:
 * Level 4.2 Fighting
 - Level 2.1 Dodging
 + Level 3.2 Stealth
 * Level 4.7 Spellcasting


You couldn't memorise any spells.
You knew the following spells:

 Your Spells              Type           Power      Damage    Failure   Level
a - Magic Dart            Conj           92%        1d7       1%          1
b - Searing Ray           Conj           46%        2d6       2%          2
c - Fulminant Prism       Conj/Hex       11%        3d9       17%         4
d - Iskenderun's Mystic   Conj/Tloc      23%        2d6       17%         4
e - Summon Guardian Gole  Hex/Summ       23%        N/A       5%          3
i - Call Imp              Summ           23%        N/A       2%          2
p - Pain                  Necr           92%        1d8       1%          1
z - Dazzling Flash        Conj/Hex       46%        N/A       5%          3
Your spell library was empty.

Dungeon Overview and Level Annotations

Branches:
Dungeon (4/15)
 Temple: D:4-7

Altars:
Yredelemnul


Innate Abilities, Weirdness & Mutations

You are immune to sickness and miasma.
You are immune to poison.
Your flesh is very heat resistant. (rF++)
You are vulnerable to cold. (rC-)
You float through the air rather than walking.
You learn spells naturally, not from books.
Your magical power is your life essence.
You have superior vitality. (+4 MHP)


Message History

Casting: Pain (safe; 1% risk of failure)
Confirm with . or Enter, or press ? or * to list all spells.
Aiming: Searing Ray (safe; 2% risk of failure)
Press: ? - help, Shift-Dir - straight line, f/p - ogre
Aim: an ogre, wielding a +0 giant club (severely wounded, 89% to hit)
The searing ray hits the ogre.
The ogre is moderately wounded.
The searing ray hits the ogre!
The ogre is almost dead. (Press . to maintain the ray.)
The ogre barely misses you.
The searing ray hits the ogre!
The ogre is heavily wounded.
The searing ray hits the ogre!
You kill the ogre!
The ogre closely misses you.
Your Fighting skill increases to level 4!
You have reached level 7!
The power to cast Summon Guardian Golem wells up from within.
Spell assigned to 'e'.
The searing ray hits the ogre.
The ogre is heavily wounded.
The searing ray misses the ogre.
You finish channelling your searing ray.
The ogre barely misses you.
Casting: Searing Ray (safe; 2% risk of failure)
Confirm with . or Enter, or press ? or * to list all spells.
Aiming: Searing Ray (safe; 2% risk of failure)
Press: ? - help, Shift-Dir - straight line, f - ogre
Aim: an ogre, wielding a +0 giant spiked club (heavily wounded, 89% to hit)
The searing ray hits the ogre.
The ogre is severely wounded. (Press . to maintain the ray.)
The ogre barely misses you.
The searing ray misses the ogre.
The ogre hits you with a +0 giant spiked club!!
The searing ray hits the ogre!
The ogre is almost dead.
The ogre hits you with a +0 giant spiked club!
You die...

#.#......##
##.#...##.##
+.......#.##
##........##
###........
###.##### #.# #+#
#.# #@# #.# ####O#
#.# ##...)## #.#
###.##...## #.#
..........########.#
###.#..............#
##......##########
####.### #.#


You could see an ogre.

Vanquished Creatures
  Sigmund (D:3)
  An ogre (D:4)
  An orc priest (D:3)
  A bullfrog skeleton (D:3)
  An orc wizard (D:3)
  4 adders
  2 worms (D:2)
  2 dart slugs (D:2)
  4 orcs (D:3)
  7 ball pythons
  2 bats
  5 endoplasms
  2 giant cockroaches (D:1)
  6 goblins
  3 hobgoblins
  2 jackals (D:1)
  3 quokkas
  5 frilled lizards
  6 kobolds
  8 rats
66 creatures vanquished.

Notes
Turn   | Place    | Note
-------+----------+-------------------------------------------
     0 | D:1      | porpoise the Djinni Conjurer began the quest for the Orb.
     0 | D:1      | Reached XP level 1. HP: 15/15 MP: 0/0
   452 | D:1      | Reached XP level 2. HP: 17/22 MP: 0/0
   571 | D:1      | Reached skill level 1 in Fighting
  1157 | D:1      | Reached XP level 3. HP: 25/27 MP: 0/0
  1157 | D:1      | Learned a level 1 spell: Pain
  1965 | D:2      | Reached XP level 4. HP: 31/33 MP: 0/0
  2042 | D:2      | Found a faded altar of an unknown god.
  2925 | D:3      | Found a basalt altar of Yredelemnul.
  3099 | D:3      | Reached XP level 5. HP: 30/39 MP: 0/0
  3099 | D:3      | Learned a level 2 spell: Call Imp
  3296 | D:3      | Noticed Sigmund
  3311 | D:3      | Killed Sigmund
  3312 | D:3      | Reached XP level 6. HP: 43/46 MP: 0/0
  4165 | D:4      | Noticed an ogre
  4165 | D:4      | Noticed an ogre
  4192 | D:4      | Killed an ogre
  4193 | D:4      | Reached XP level 7. HP: 44/52 MP: 0/0
  4193 | D:4      | Learned a level 3 spell: Summon Guardian Golem
  4197 | D:4      | Slain by an ogre

Illustrated notes

Levels and vault maps discovered:
D:1:      saegor_arrival_simple_e, layout_basic
D:2:      layout_loops_cross, shapermc_ecumenical_altar_acropolis
D:3:      layout_loops_ring, nicolae_overflow_crystal_walls, uniq_sigmund
D:4:      minmay_recursive_quarters, layout_loops_corners

Skill      XL: |  1  2  3  4  5  6 |
---------------+-------------------+-----
Fighting       | 1 2 3 4 |  4.2
Stealth        | 2 3 |  3.2
Spellcasting   | 4 |  4.7
Dodging        | |  2.1

Action                   |  1- 3 |  4- 6 |  7- 9 || total
-------------------------+-------+-------+-------++-------
 Cast: Magic Dart        |    36 |    21 |       ||    57
       Searing Ray       |    12 |    19 |     1 ||    32
       Call Imp          |       |     4 |       ||     4
       Pain              |       |     1 |       ||     1
  Use: Potion            |       |     2 |       ||     2
Armor: Robe              |     2 |     1 |       ||     3
Dodge: Dodged            |    10 |     9 |     2 ||    21

Table legend: (Time is in decaauts)
 A = Elapsed time spent in this place.
 B = Non-inter-level travel time spent in this place.
 C = Inter-level travel time spent in this place.
 D = Time resting spent in this place.
 E = Time spent auto-exploring this place.
 F = Levels seen in this place.
 G = Mean time per level.
                   A        B        C        D        E       F      G
               +--------+--------+--------+--------+--------+-----+--------+
         Total |   4195 |   4118 |     77 |   1921 |   1880 |   4 | 1048.8 |
       Dungeon |   4195 |   4118 |     77 |   1921 |   1880 |   4 | 1048.8 |
               +--------+--------+--------+--------+--------+-----+--------+

Top non-repeatable levels by time:
     D:1: 1640 daAuts
     D:3: 1281 daAuts
     D:2: 1162 daAuts
     D:4: 111 daAuts
